 Dungeon Crawl Stone Soup version 0.23.1 (webtiles) character file.

Game seed: 0

380881 Peloso the Hoplite (level 21, -2/202 HPs)
             Began as a Minotaur Fighter on Mar 4, 2019.
             Was the Champion of Okawaru.
             Slain by an ironheart preserver
             ... wielding a +0 flail
              (27 damage)
             ... on level 4 of the Vaults on Mar 5, 2019.
             The game lasted 02:48:03 (46268 turns).

Peloso the Hoplite (Minotaur Fighter)              Turns: 46268, Time: 02:48:03

Health: -2/202     AC: 32    Str: 37    XL:     21   Next: 89%
Magic:  20/21      EV: 14    Int:  1    God:    Okawaru [******]
Gold:   3996       SH: 38    Dex: 13    Spells: 20/20 levels left

rFire    + + .     SeeInvis +   C - +8 demon blade of Okawaru's Whim {freeze, rF+ rN+ SInv}
rCold    . . .     Gourm    .   y - +18 shield of the Gong {rElec rN+ MR+ EV-5}
rNeg     + + +     Faith    .   r - +3 shadow dragon scales "Gyas Cey" {MR+++ rCorr Str+2 Int-4 Stlth++++}
rPois    .         Spirit   .   t - +1 hat {MR+}
rElec    +         Reflect  .   (no cloak)
rCorr    +         Harm     .   H - +2 pair of gloves {Str+3}
MR       +++++                  U - +2 pair of boots {Stlth+}
Stlth    +++++++++.             l - amulet of regeneration
HPRegen  0.83/turn              k - ring of Shadows {Umbra +Inv Stlth+}
MPRegen  0.17/turn              o - ring of the Eleven Shrikes {rF+ rN+ Str+4 Stlth-}

@: heroism, flayed, wreathed by umbra
A: retaliatory headbutt, horns 2
}: 2/15 runes: decaying, serpentine
a: Heroism, Finesse, Renounce Religion, Evoke Invisibility


You were on level 4 of the Vaults.
You worshipped Okawaru.
Okawaru was exalted by your worship.
You were not hungry.

You visited 8 branches of the dungeon, and saw 39 of its levels.
You also visited: Trove, Bailey, Gauntlet and Ice Cave.

You collected 5463 gold pieces.
You spent 1467 gold pieces at shops.

Inventory:

Hand Weapons
 a - the +5 long sword of Cyiwnit {speed, Str+4 Int+4 SInv}
   (Okawaru gifted it to you on level 6 of the Lair of Beasts)

   Attacks with this weapon are significantly faster.
   It affects your strength (+4).
   It affects your intelligence (+4).
   It lets you see invisible.
 b - the +8 trident of Balekkur {flame, rF+ Dex+2}
   (You found it in a treasure trove)

   It has been specially enchanted to burn those struck by it, causing extra
   injury to most foes and up to half again as much damage against particularly
   susceptible opponents.
   It affects your dexterity (+2).
   It protects you from fire.
 B - a +5 vampiric demon blade
 C - the +8 demon blade of Okawaru's Whim (weapon) {freeze, rF+ rN+ SInv}
   (Okawaru gifted it to you on level 2 of the Elven Halls)

   It has been specially enchanted to freeze those struck by it, causing extra
   injury to most foes and up to half again as much damage against particularly
   susceptible opponents.
   It can also slow down cold-blooded creatures.
   It protects you from fire.
   It protects you from negative energy.
   It lets you see invisible.
 E - a +4 scimitar of flaming
 F - the +0 hand axe of Putrescence {protect, Int+4}
   (You found it in a treasure trove)

   It protects the one who uses it against injury (+AC on strike).
   It affects your intelligence (+4).
Armour
 r - the +3 shadow dragon scales "Gyas Cey" (worn) {MR+++ rCorr Str+2 Int-4 Stlth++++}
   (You found it in a bailey)

   It affects your strength (+2).
   It affects your intelligence (-4).
   It affects your resistance to hostile enchantments.
   It provides partial protection from all sources of acid and corrosion.
   It makes you much more stealthy.
 t - a +1 hat of magic resistance (worn)
 y - the +18 shield of the Gong (worn) {rElec rN+ MR+ EV-5}
   (You found it in a treasure trove)

   It affects your evasion (-5).
   It insulates you from electricity.
   It protects you from negative energy.
   It affects your resistance to hostile enchantments.
 D - a +2 cloak of magic resistance
 H - a +2 pair of gloves of strength (worn)
 O - a scarf of resistance
 U - a +2 pair of boots of stealth (worn)
 V - the +7 large shield of Okawaru {+Blink +Inv rElec Stlth-}
   (Okawaru gifted it to you on level 6 of the Lair of Beasts)

   It insulates you from electricity.
   It lets you turn invisible.
   It lets you blink.
   It makes you less stealthy.
Jewellery
 c - the ring of Gos Gya {rCorr rF+}
   (You found it in a treasure trove)

   [ring of resist corrosion]

   It protects you from fire.
 i - an uncursed amulet of magic regeneration
 k - the ring of Shadows (left hand) {Umbra +Inv Stlth+}
   (You found it on level 1 of the Vaults)

   [ring of stealth]

   It lets you turn invisible.
   It makes you more stealthy.
 l - an amulet of regeneration (around neck)
 o - the ring of the Eleven Shrikes (right hand) {rF+ rN+ Str+4 Stlth-}
   (You found it in a Gauntlet)

   [ring of protection from fire]

   It affects your strength (+4).
   It protects you from fire.
   It protects you from negative energy.
   It makes you less stealthy.
 s - the ring of Veschamm {+Fly rF+ rN+ Str+4 Stlth+}
   (You found it in a treasure trove)

   [ring of strength]

   It affects your strength (+4).
   It protects you from fire.
   It protects you from negative energy.
   It lets you fly.
   It makes you more stealthy.
 v - the ring of Udefuowi {rCorr rC+ Str+3 Dex+6}
   (You found it in a treasure trove)

   [ring of resist corrosion]

   It affects your strength (+3).
   It affects your dexterity (+6).
   It protects you from cold.
 G - an uncursed ring of poison resistance
Scrolls
 g - 4 scrolls of blinking
 h - 5 scrolls of identify
 j - 18 scrolls of remove curse
 p - 15 scrolls of teleportation
 w - 6 scrolls of noise
 A - 2 scrolls of fear
 S - 4 scrolls of summoning
 Y - 3 scrolls of magic mapping
Potions
 d - 7 potions of heal wounds
 e - 5 potions of haste
 m - 10 potions of mutation
 n - 8 potions of flight
 q - 11 potions of might
 u - 4 potions of berserk rage
 x - a potion of invisibility
 z - 3 potions of resistance
 I - a potion of agility
 J - 7 potions of curing
Comestibles
 f - 70 rations
 K - 3 chunks of flesh


   Skills:
 + Level 20.3(25.3) Fighting
 + Level 21.4(26.4) Long Blades
 + Level 17.1(22.1) Armour
 + Level 10.4(15.4) Dodging
 + Level 5.8(10.8) Stealth
 + Level 26.3(27) Shields
 + Level 2.0 Invocations
 + Level 2.1 Evocations


You had 20 spell levels left.
You didn't know any spells.
Your spell library contained the following spells:

 Spells                   Type           Power        Failure   Level  Hunger
 Corona                   Hex            #......      82%         1    ##.....
 Flame Tongue             Conj/Fire      #....        82%         1    ##.....
 Infusion                 Chrm           #...         82%         1    ##.....
 Magic Dart               Conj           #...         82%         1    ##.....
 Sandblast                Erth           #.....       82%         1    ##.....
 Shock                    Conj/Air       #...         82%         1    ##.....
 Summon Butterflies       Summ           #.......     82%         1    ##.....
 Summon Small Mammal      Summ           #...         82%         1    ##.....
 Blink                    Tloc           N/A          91%         2    ###....
 Ensorcelled Hibernation  Hex/Ice        #.....       91%         2    ###....
 Passwall                 Tmut/Erth      #.......     91%         2    ###....
 Searing Ray              Conj           #.....       91%         2    ###....
 Shroud of Golubria       Chrm/Tloc      #.........   91%         2    ###....
 Slow                     Hex            #.......     91%         2    ###....
 Song of Slaying          Chrm           #.......     91%         2    ###....
 Sublimation of Blood     Necr           #.........   91%         2    ###....
 Swiftness                Chrm/Air       #.......     91%         2    ###....
 Throw Flame              Conj/Fire      #.....       91%         2    ###....
 Call Canine Familiar     Summ           #.......     99%         3    ####...
 Confuse                  Hex            #.......     99%         3    ####...
 Conjure Flame            Conj/Fire      #.......     99%         3    ####...
 Dazzling Spray           Conj/Hex       #.....       99%         3    ####...
 Gell's Gravitas          Tloc           #.........   99%         3    ####...
 Inner Flame              Hex/Fire       #.......     99%         3    ####...
 Lesser Beckoning         Tloc           #.........   99%         3    ####...
 Ozocubu's Armour         Chrm/Ice       #.......     99%         3    ####...
 Portal Projectile        Hex/Tloc       #.....       99%         3    ####...
 Recall                   Summ/Tloc      N/A          99%         3    ####...
 Regeneration             Chrm/Necr      #.........   99%         3    ####...
 Spectral Weapon          Hex/Chrm       #.......     99%         3    ####...
 Static Discharge         Conj/Air       #.......     99%         3    ####...
 Summon Guardian Golem    Hex/Summ       #.......     99%         3    ####...
 Teleport Other           Tloc           #.......     99%         3    ####...
 Tukima's Dance           Hex            #.......     99%         3    ####...
 Airstrike                Air            #.........   100%        4    #####..
 Animate Dead             Necr           N/A          100%        4    #####..
 Force Lance              Conj/Tloc      #.......     100%        4    #####..
 Fulminant Prism          Conj/Hex       #.........   100%        4    #####..
 Iskenderun's Mystic Bla  Conj           #.......     100%        4    #####..
 Passage of Golubria      Tloc           N/A          100%        4    #####..
 Sticky Flame             Conj/Fire      #.......     100%        4    #####..
 Summon Ice Beast         Ice/Summ       #.......     100%        4    #####..
 Aura of Abjuration       Summ           #.........   100%        5    ######.
 Bolt of Magma            Conj/Fire/Erth #.........   100%        5    ######.
 Excruciating Wounds      Chrm/Necr      #.........   100%        5    ######.
 Fireball                 Conj/Fire      #.........   100%        5    ######.
 Iskenderun's Battlesphe  Conj/Chrm      #.......     100%        5    ######.
 Lee's Rapid Deconstruct  Erth           #.........   100%        5    ######.
 Lightning Bolt           Conj/Air       #.........   100%        5    ######.
 Summon Demon             Summ           #.........   100%        5    ######.
 Summon Forest            Summ/Tloc      #.........   100%        5    ######.
 Summon Mana Viper        Hex/Summ       #.......     100%        5    ######.
 Venom Bolt               Conj/Pois      #.........   100%        5    ######.
 Bolt of Fire             Conj/Fire      #.........   100%        6    #######
 Darkness                 Hex            #.........   100%        6    #######
 Invisibility             Hex            #.......     100%        6    #######
 Iron Shot                Conj/Erth      #.........   100%        6    #######
 Shadow Creatures         Summ           N/A          100%        6    #######
 Orb of Destruction       Conj           #.........   100%        7    #######
 Ring of Flames           Chrm/Fire      #.........   100%        7    #######
 Spellforged Servitor     Conj/Summ      #.........   100%        7    #######
 Summon Hydra             Summ           #.........   100%        7    #######
 Ignition                 Fire           #.........   100%        8    #######
 Shatter                  Erth           #.........   100%        9    #######
 Tornado                  Air            #.........   100%        9    #######


Dungeon Overview and Level Annotations

Branches:
Dungeon (15/15)            Temple (1/1) D:6            Lair (6/6) D:10
  Swamp (4/4) Lair:4        Snake (4/4) Lair:4        Slime (0/5) Lair:5
    Orc (2/2) D:12            Elf (3/3) Orc:2        Vaults (3/5) D:13
  Crypt (0/3) Vaults:3     Depths (0/5) D:15

Altars:
Ashenzari
Dithmenos
Elyvilon
Fedhas
Hepliaklqana
Kikubaaqudgha
Makhleb
Okawaru
Sif Muna
Trog
Uskayaw
Vehumet
Beogh

Shops:
D:10 :   Orc:1 (%[   Orc:2 [([(   Elf:3 *   Snake:2 ?:   Vaults:1 }
Vaults:2 [


Innate Abilities, Weirdness & Mutations

You reflexively headbutt those who attack you in melee.
You have a pair of horns on your head.


Message History

You block the ironheart preserver's attack.
GONNNNG!
You block the lich's attack.
GONNNNG!
The flayed ghost stares at you with tortured malice.
You hear a horrible gurgling sound!
You barely miss the lich. You headbutt the lich.
You destroy the lich!
Okawaru accepts your kill. You block the sphinx's attack.
GONNNNG!
You block the sphinx's attack.
BONNNG!
You block the sphinx's attack.
GONNNNG!
You hear two shouts!
You hear a horrible gurgling sound!
You open the ironbrand convoker like a pillowcase!!!
You freeze the ironbrand convoker. You headbutt the ironbrand convoker.
The ironbrand convoker is severely wounded.
The ironheart preserver hits you with a +0 flail!!
You die...

##############################
.....c.....GWpWp@H)..........#
...........Oo.pOp............#
#..).######################..#
#....# #..# #....# #..# #....#
#..# #.^..# #..# #.1t.# #..#
#..ยง.# #..#


You could see an ironheart preserver, a sphinx, a flayed ghost, a glowing orange
brain, a vault sentinel, 2 ironbrand convokers, a freezing wraith, 2 ogres and
an orc.

Vanquished Creatures
  Mennas (Vaults:2)
  Boris (Vaults:2)
  Vashnia (Snake:4)
  Saint Roka (Orc:2)
  4 liches
  A tentacled monstrosity (Vaults:1)
  Rupert (Lair:3)
  2 deep elf blademasters (Elf:3)
  2 deep elf master archers (Elf:3)
  2 sphinxes (Elf:3)
  Donald (Swamp:4)
  5 thorn hunters
  Roxanne (Snake:4)
  A tengu reaver (Vaults:1)
  Kirke (Lair:4)
  The ghost of Kicir the Blocker, an adept GnFi of Okawaru (Snake:2)
  10 nagarajas
  3 fire giants
  7 deep elf sorcerers
  5 vault wardens
  2 frost giants
  3 deep elf elementalists (Elf:3)
  A war gargoyle (Vaults:1)
  3 very ugly things
  4 entropy weavers
  5 stone giants
  9 ironheart preservers
  A minotaur (Gauntlet)
  6 deep elf annihilators
  5 deep elf demonologists
  An ettin (Vaults:2)
  3 death oozes
  2 green deaths (Swamp:4)
  3 fire dragons
  6 ogre magi
  9 deep elf death magi
  Josephine (D:15)
  A yaktaur captain (Vaults:2)
  Harold (Orc:1)
  A deep elf high priest (Elf:3)
  4 ice dragons
  2 rakshasas
  A hell beast (Swamp:4)
  13 naga warriors
  2 great orbs of eyes (Vaults:1)
  The ghost of kotomi the Cleaver, a journeyman DsBe of Trog (D:11)
  24 hydras
  9 vault guards
  3 ghost crabs
  A catoblepas (D:13)
  4 centaur warriors
  2 death knights
  16 alligators
  29 two-headed ogres
  Erica (D:8)
  2 shambling mangroves
  A merfolk avatar (Lair:6)
  8 anacondas
  27 dancing weapons
  Urug (Lair:4)
  2 deep troll earth magi
  6 shock serpents
  3 orc high priests (Orc:2)
  20 naga sharpshooters
  Sonja (Orc:2)
  25 deep elf knights
  A salamander mystic (Snake:1)
  3 sea snakes
  A shadow wraith (Vaults:3)
  5 unseen horrors
  5 deep trolls
  5 wizards
  A spriggan druid (Swamp:3)
  21 deep elf archers
  A glowing orange brain (D:15)
  6 naga ritualists
  11 ironbrand convokers
  4 swamp dragons
  3 harpies
  An orb spider (shapeshifter) (Vaults:2)
  Pikel (D:8)
  5 mana vipers
  13 orc knights
  26 ugly things
  4 oklob plants
  6 orc sorcerers
  8 salamanders
  66 deep elf magi
  4 manticores (Elf:3)
  A wolf spider (Vaults:3)
  12 elephants
  6 cyclopes
  24 black mambas
  Maurice (D:8)
  15 naga magi
  13 vault sentinels
  10 guardian serpents
  2 torpor snails
  An ice statue (IceCv)
  Psyche (D:9)
  2 orange demons (Swamp:4)
  2 gargoyles
  A spiny frog (shapeshifter) (D:15)
  22 spiny frogs
  An efreet (D:13)
  2 kobold demonologists (Bailey)
  6 rime drakes
  A yaktaur (shapeshifter) (Vaults:2)
  9 komodo dragons
  5 freezing wraiths
  13 yaktaurs
  5 trolls
  2 queen bees
  2 jumping spiders (Gauntlet)
  2 meliai (shapeshifter)
  19 polar bears
  3 meliai (D:14)
  13 hornets
  11 tyrant leeches
  8 blink frogs
  36 slime creatures
  10 hippogriffs
  A snapping turtle (shapeshifter) (Vaults:4)
  15 bog bodies
  4 shadows
  A centaur simulacrum (D:15)
  2 human simulacra
  4 air elementals
  A yak (shapeshifter) (Elf:3)
  4 redbacks
  8 wraiths
  Sigmund (D:5)
  6 spriggans
  7 tarantellas
  12 wyverns
  2 water elementals
  2 fire elementals (Lair:2)
  3 hogs (Lair:3)
  45 yaks
  A human (D:12)
  A human (shapeshifter) (Vaults:2)
  2 basilisks (Elf:3)
  19 vampire mosquitoes
  3 hungry ghosts
  26 insubstantial wisps
  4 wargs
  18 swamp worms
  A soldier ant (D:11)
  An acid dragon (D:14)
  53 nagas
  A large abomination (Swamp:4)
  A floating eye (shapeshifter) (D:15)
  9 hell hounds (Elf:3)
  18 water moccasins
  4 porcupines
  Duvessa (D:7)
  55 orc warriors
  6 swamp drakes
  3 sky beasts
  4 ice beasts
  A hornet zombie (D:15)
  A black bear (D:9)
  2 eyes of draining
  21 wolves
  11 centaurs
  15 ogres
  2 phantoms
  6 boggarts
  2 big kobolds
  22 crocodiles
  7 earth elementals
  10 bullfrogs
  Dowan (D:7)
  A wyvern skeleton (D:11)
  3 scorpions
  4 wights
  21 killer bees
  7 electric eels
  6 howler monkeys
  6 crimson imps
  A bullfrog zombie (D:8)
  4 centaur zombies
  2 bullfrog skeletons
  10 hounds
  Crazy Yiuf (D:7)
  17 jellies
  4 centaur skeletons
  29 orc priests
  31 orc wizards
  4 worker ants
  A killer bee zombie (D:7)
  2 hound skeletons
  A worker ant zombie (D:5)
  14 gnolls
  13 adders
  2 howler monkey skeletons
  3 shadow imps
  A white imp (Vaults:2)
  2 ufetubi (Vaults:2)
  3 adder zombies
  5 worms
  4 dart slugs (D:1)
  8 leopard geckos
  128 orcs
  3 giant cockroaches
  19 goblins
  13 hobgoblins
  5 jackals
  10 kobolds
  5 quokkas
  10 bats
  4 frilled lizards
  A jackal skeleton (D:6)
  12 rats
  2 briar patches (Swamp:4)
  2 crawling corpses (Elf:3)
  10 fungi
  6 plants
1678 creatures vanquished.

Vanquished Creatures (others)
  Nikola (Swamp:4)
  A very ugly thing (Swamp:4)
  A shambling mangrove (Swamp:1)
  2 alligators
  A deep elf knight (Elf:1)
  A spiny frog (Swamp:2)
  A tyrant leech (Swamp:1)
  A shadow (Swamp:2)
  A warg (Vaults:4)
  3 orcs
  2 briar patches (Swamp:4)
  5 fungi
  10 plants
  A withered plant (Gauntlet)
31 creatures vanquished.

Grand Total: 1709 creatures vanquished

Notes
Turn   | Place    | Note
-------+----------+-------------------------------------------
     0 | D:1      | Peloso the Minotaur Fighter began the quest for the Orb.
     0 | D:1      | Reached XP level 1. HP: 19/19 MP: 0/0
   102 | D:1      | Reached XP level 2. HP: 22/27 MP: 1/1
   211 | D:1      | Reached skill level 4 in Shields
   442 | D:1      | Reached XP level 3. HP: 32/33 MP: 2/2
   856 | D:2      | Reached XP level 4. HP: 38/41 MP: 3/3
  1579 | D:3      | Reached XP level 5. HP: 15/47 MP: 4/4
  2131 | D:3      | Found a burning altar of Makhleb.
  2131 | D:3      | Found a bloodstained altar of Trog.
  2244 | D:3      | Found a blossoming altar of Fedhas.
  2253 | D:3      | Reached skill level 1 in Dodging
  2639 | D:4      | Reached skill level 5 in Long Blades
  2648 | D:4      | Reached XP level 6. HP: 54/55 MP: 5/5
  2820 | D:4      | Found a shattered altar of Ashenzari.
  3021 | D:5      | Entered Level 5 of the Dungeon
  3036 | D:5      | Reached skill level 5 in Shields
  3046 | D:5      | Noticed Sigmund
  3118 | D:5      | Killed Sigmund
  3118 | D:5      | Reached skill level 5 in Fighting
  3126 | D:5      | Reached XP level 7. HP: 51/61 MP: 6/6
  3263 | D:5      | Reached skill level 5 in Armour
  3957 | D:6      | Found a staircase to the Ecumenical Temple.
  3963 | Temple   | Entered the Ecumenical Temple
  3979 | Temple   | Became a worshipper of Warmaster Okawaru
  4020 | D:6      | Reached skill level 6 in Shields
  4313 | D:6      | Reached XP level 8. HP: 31/70 MP: 7/7
  4544 | D:6      | Found a hazy altar of Hepliaklqana.
  4544 | D:6      | Found a radiant altar of Vehumet.
  4746 | D:6      | Noticed a moth of wrath
  4749 | D:6      | Found a bloodstained altar of Trog.
  5073 | D:7      | Found a flagged portal.
  5099 | D:7      | Reached * piety under Okawaru
  5103 | D:7      | Noticed Duvessa
  5103 | D:7      | Noticed Dowan
  5104 | D:7      | Reached skill level 7 in Shields
  5110 | D:7      | Killed Duvessa
  5118 | D:7      | Killed Dowan
  5120 | D:7      | HP: 3/71 [ogre/+0 giant club (20)]
  5124 | D:7      | Reached ** piety under Okawaru
  5124 | D:7      | Reached XP level 9. HP: 5/78 MP: 8/8
  5220 | Bailey   | Entered a bailey
  5482 | Bailey   | Noticed a kobold demonologist
  5482 | Bailey   | Noticed a kobold demonologist
  5484 | Bailey   | Found an iron altar of Okawaru.
  5500 | Bailey   | Killed a kobold demonologist
  5500 | Bailey   | Reached skill level 8 in Shields
  5515 | Bailey   | Killed a kobold demonologist
  5515 | Bailey   | Reached *** piety under Okawaru
  5734 | Bailey   | Got steaming shadow dragon scales
  5745 | Bailey   | Identified the +3 shadow dragon scales "Gyas Cey" {MR+++
                  | rCorr Str+2 Int-4 Stlth++++} (You found it in a bailey)
  5885 | Bailey   | Reached skill level 10 in Long Blades
  5963 | Bailey   | Noticed an orc knight
  5981 | Bailey   | Killed an orc knight
  5981 | Bailey   | Reached skill level 9 in Shields
  6138 | Bailey   | Reached XP level 10. HP: 74/86 MP: 9/9
  6196 | Bailey   | Noticed an orc knight
  6213 | Bailey   | Killed an orc knight
  6213 | Bailey   | Reached **** piety under Okawaru
  6263 | Bailey   | Noticed an orc knight
  6293 | Bailey   | Killed an orc knight
  6516 | D:7      | Found a radiant altar of Vehumet.
  6550 | D:7      | Found a runed translucent door.
  6551 | D:7      | Noticed Crazy Yiuf
  6791 | D:7      | Killed Crazy Yiuf
  7222 | D:8      | Found a white marble altar of Elyvilon.
  7227 | D:8      | Noticed Pikel
  7248 | D:8      | Killed Pikel
  7248 | D:8      | Reached skill level 10 in Shields
  7382 | D:8      | Noticed Erica
  7395 | D:8      | Killed Erica
  7395 | D:8      | Reached ***** piety under Okawaru
  7395 | D:8      | Reached skill level 1 in Stealth
  7719 | D:8      | Noticed Maurice
  7725 | D:8      | Killed Maurice
  8234 | D:9      | Noticed Psyche
  8244 | D:9      | Killed Psyche
  8244 | D:9      | Received a gift from Okawaru
  8244 | D:9      | Reached skill level 10 in Armour
  8356 | D:9      | Reached XP level 11. HP: 93/95 MP: 10/10
  8395 | D:9      | Noticed a two-headed ogre
  8403 | D:9      | Killed a two-headed ogre
  8757 | D:10     | Entered Level 10 of the Dungeon
  9135 | D:10     | Found Deducef's Book Shop.
  9150 | D:10     | Reached skill level 11 in Shields
  9448 | D:10     | Found a staircase to the Lair.
  9803 | D:11     | Noticed a two-headed ogre
  9811 | D:11     | Killed a two-headed ogre
  9835 | D:11     | Noticed a two-headed ogre
  9848 | D:11     | Killed a two-headed ogre
  9857 | D:11     | Found a gate leading to a gauntlet.
  9909 | Gauntlet | Entered a Gauntlet
  9909 | Gauntlet | Found a transporter.
  9909 | Gauntlet | Found a runed translucent gate.
  9909 | Gauntlet | Found a runed translucent gate.
  9909 | Gauntlet | Found a runed translucent gate.
  9909 | Gauntlet | Noticed a death ooze
  9918 | Gauntlet | Found a transporter.
  9920 | Gauntlet | Found a transporter.
  9926 | Gauntlet | Noticed a soul eater
  9936 | Gauntlet | Found a transporter.
  9937 | Gauntlet | Found a transporter.
  9939 | Gauntlet | Noticed a sixfirhy
  9939 | Gauntlet | Noticed a sixfirhy
  9941 | Gauntlet | Found a runed translucent door.
  9944 | Gauntlet | Found a runed translucent door.
  9944 | Gauntlet | Noticed a sixfirhy
  9948 | Gauntlet | Found a transporter.
  9964 | Gauntlet | Found a transporter.
  9967 | Gauntlet | Noticed a ghost crab
  9974 | Gauntlet | Found a transporter.
  9977 | Gauntlet | Noticed an entropy weaver
  9984 | Gauntlet | Found a transporter.
  9996 | Gauntlet | Noticed a reaper
  9998 | Gauntlet | Found a transporter.
 10009 | Gauntlet | Found a transporter.
 10012 | Gauntlet | Found a transporter.
 10108 | Gauntlet | Found a transporter.
 10108 | Gauntlet | Found a transporter.
 10238 | Gauntlet | Killed a death ooze
 10430 | Gauntlet | Killed an entropy weaver
 10430 | Gauntlet | Received a gift from Okawaru
 10430 | Gauntlet | Reached XP level 12. HP: 29/105 MP: 8/11
 10439 | Gauntlet | Reached skill level 1 in Invocations
 10579 | Gauntlet | Got a scorched iron ring
 10584 | Gauntlet | Identified the ring of the Eleven Shrikes {rF+ rN+ Str+4
                  | Stlth-} (You found it in a Gauntlet)
 10599 | Gauntlet | Noticed a minotaur
 10608 | Gauntlet | Killed a minotaur
 10620 | Gauntlet | Identified Luuss's Almanac of Enchantment
 10623 | Gauntlet | Identified the Handbook of Talismans and Evil Secrets
 10678 | D:11     | Found a transporter.
 10678 | D:11     | Noticed a two-headed ogre
 10678 | D:11     | Noticed kotomi's ghost (journeyman DsBe)
 10678 | D:11     | Identified the +11 dire flail of Accord {crush, Int+8
                  | Dex-2}
 10678 | D:11     | Noticed a two-headed ogre
 10682 | D:11     | Found a transporter.
 10716 | D:11     | Killed kotomi's ghost
 10722 | D:11     | Killed a two-headed ogre
 10730 | D:11     | Killed a two-headed ogre
 10730 | D:11     | Reached skill level 12 in Shields
 10890 | D:11     | Reached skill level 10 in Fighting
 10986 | D:11     | You fall through a shaft for 2 floors!
 11002 | D:13     | Noticed a centaur warrior
 11012 | D:13     | Killed a centaur warrior
 11062 | D:13     | Noticed a catoblepas
 11079 | D:13     | Killed a catoblepas
 11364 | D:13     | Reached ****** piety under Okawaru
 11405 | D:13     | Noticed a two-headed ogre
 11414 | D:13     | Killed a two-headed ogre
 11437 | D:13     | Noticed a two-headed ogre
 11438 | D:13     | Noticed a centaur warrior
 11438 | D:13     | Noticed a death knight
 11453 | D:13     | Killed a death knight
 11453 | D:13     | Received a gift from Okawaru
 11461 | D:13     | Killed a centaur warrior
 11467 | D:13     | Noticed an ironheart preserver
 11484 | D:13     | Killed a two-headed ogre
 11484 | D:13     | Received a gift from Okawaru
 11484 | D:13     | Reached skill level 15 in Long Blades
 11490 | D:13     | Killed an ironheart preserver
 11490 | D:13     | Reached XP level 13. HP: 62/116 MP: 10/13
 11567 | D:13     | Got a smoking dagger {god gift}
 11717 | D:13     | Found a gate to the Vaults.
 11903 | D:13     | You fall through a shaft for 2 floors!
 11903 | D:15     | Entered Level 15 of the Dungeon
 11983 | D:15     | Reached skill level 5 in Dodging
 12009 | D:15     | Received a gift from Okawaru
 12024 | D:15     | Got a crude chain mail {god gift}
 13213 | Lair:1   | Entered Level 1 of the Lair of Beasts
 13501 | Lair:1   | Reached skill level 13 in Shields
 13905 | Lair:1   | Identified the +8 dagger of Muof {pierce, Stlth+} (Okawaru
                  | gifted it to you on level 13 of the Dungeon)
 13930 | Lair:1   | Identified the +8 chain mail of Vonef {rCorr} (Okawaru
                  | gifted it to you on level 15 of the Dungeon)
 14145 | Lair:2   | Received a gift from Okawaru
 14199 | Lair:2   | Found a shattered altar of Ashenzari.
 15128 | Lair:3   | Reached XP level 14. HP: 108/127 MP: 14/14
 16363 | Lair:4   | Found a radiant altar of Vehumet.
 16413 | Lair:4   | Got a smoking plate armour
 16424 | Lair:4   | Identified the cursed +1 plate armour of the Country {rF+
                  | Str+4 SInv} (You found it on level 4 of the Lair of Beasts)
 16451 | Lair:4   | Noticed Kirke
 16521 | Lair:4   | Killed Kirke
 16623 | Lair:4   | Noticed Urug
 16637 | Lair:4   | Killed Urug
 16637 | Lair:4   | Received a gift from Okawaru
 16664 | Lair:4   | Got a pitted scimitar {god gift}
 16665 | Lair:4   | Identified the +3 scimitar "Gigur" {protect, Fragile rC+++
                  | rN+ Str-2 Dex+3} (Okawaru gifted it to you on level 4 of
                  | the Lair of Beasts)
 16728 | Lair:4   | Found a staircase to the Snake Pit.
 16776 | Lair:4   | Reached skill level 14 in Shields
 16785 | Lair:4   | Found a staircase to the Swamp.
 17542 | Lair:5   | Found a staircase to the Slime Pits.
 17642 | Lair:5   | You fall through a shaft!
 17642 | Lair:6   | Entered Level 6 of the Lair of Beasts
 17834 | Lair:6   | Received a gift from Okawaru
 17957 | Lair:6   | Received a gift from Okawaru
 17963 | Lair:6   | Got a twisted long sword {god gift}
 17964 | Lair:6   | Identified the +5 long sword of Cyiwnit {speed, Str+4 Int+4
                  | SInv} (Okawaru gifted it to you on level 6 of the Lair of
                  | Beasts)
 18042 | Lair:6   | Found a frozen archway.
 18084 | Lair:6   | Reached XP level 15. HP: 28/138 MP: 15/15
 18297 | IceCv    | Entered an ice cave
 19007 | IceCv    | Noticed a frost giant
 19021 | IceCv    | Killed a frost giant
 19062 | IceCv    | Found the +8 glaive of the Guard {elec, +Rage AC+5 SInv}
 19820 | Lair:5   | Reached skill level 15 in Shields
 20314 | Lair:6   | Received a gift from Okawaru
 20317 | Lair:6   | Got a twisted large shield {god gift}
 20328 | Lair:6   | Identified the +7 large shield of Okawaru {+Blink +Inv
                  | rElec Stlth-} (Okawaru gifted it to you on level 6 of the
                  | Lair of Beasts)
 20606 | Lair:6   | Identified the Collected Works on Good Luck and
                  | Displacement
 20612 | Lair:6   | Got a heavily runed plate armour
 20946 | Lair:3   | Noticed Rupert
 20958 | Lair:3   | Killed Rupert
 21036 | Lair:1   | Identified the +7 plate armour of Weightlessness {rPois MR-
                  | Regen+ rCorr} (You found it on level 6 of the Lair of
                  | Beasts)
 21510 | D:12     | You fall through a shaft!
 22162 | D:12     | Found a staircase to the Orcish Mines.
 22791 | D:15     | Noticed Josephine
 22811 | D:15     | Killed Josephine
 23240 | D:15     | Received a gift from Okawaru
 23240 | D:15     | Reached skill level 16 in Shields
 23276 | D:15     | Reached skill level 15 in Fighting
 23316 | D:15     | Found a staircase to the Depths.
 23518 | Orc:1    | Entered Level 1 of the Orcish Mines
 23593 | Orc:1    | Found Ytrampo's Antique Armour Emporium.
 23619 | Orc:1    | Bought a pair of embroidered boots for 247 gold pieces
 23638 | Orc:1    | Found Uliom's Food Emporium.
 24029 | Orc:2    | Entered Level 2 of the Orcish Mines
 24029 | Orc:2    | Found a staircase to the Elven Halls.
 24057 | Orc:2    | Noticed Sonja
 24312 | Orc:2    | Killed Sonja
 24353 | Orc:2    | Found a roughly hewn altar of Beogh.
 24462 | Orc:2    | Found a roughly hewn altar of Beogh.
 24602 | Orc:2    | Found a roughly hewn altar of Beogh.
 24614 | Orc:2    | Found Jelaak's Antique Armour Boutique.
 24729 | Orc:2    | Found a roughly hewn altar of Beogh.
 24802 | Orc:2    | Found a roughly hewn altar of Beogh.
 24859 | Orc:2    | Reached XP level 16. HP: 149/149 MP: 16/16
 24917 | Orc:2    | Noticed Saint Roka
 24992 | Orc:2    | Killed Saint Roka
 25148 | Orc:2    | Found Fucku's Antique Armour Shoppe.
 25148 | Orc:2    | Found a roughly hewn altar of Beogh.
 25159 | Orc:2    | Found Zeprut's Antique Weapon Emporium.
 25169 | Orc:2    | Bought a pair of glowing boots for 150 gold pieces
 25179 | Orc:2    | Bought a runed hat for 140 gold pieces
 25252 | Orc:2    | Found a roughly hewn altar of Beogh.
 25307 | Orc:2    | Found a roughly hewn altar of Beogh.
 25319 | Orc:2    | Found Edem's Antique Weapon Shop.
 25443 | Orc:1    | Found Sato's Weapon Emporium.
 25494 | Orc:1    | Noticed Harold
 25507 | Orc:1    | Killed Harold
 25507 | Orc:1    | Reached skill level 17 in Shields
 25847 | Swamp:1  | Entered Level 1 of the Swamp
 26083 | Swamp:1  | Received a gift from Okawaru
 26359 | Swamp:1  | Identified the Compendium of Summoning
 26744 | Swamp:1  | Noticed a thorn hunter
 26754 | Swamp:1  | Killed a thorn hunter
 26892 | Swamp:2  | Received a gift from Okawaru
 27234 | Swamp:2  | Reached skill level 15 in Armour
 27234 | Swamp:2  | Reached skill level 18 in Shields
 27249 | Swamp:2  | Identified Sif Muna's Guide on Igneous Stolen Souls
 27855 | Swamp:3  | Received a gift from Okawaru
 28748 | Swamp:4  | Entered Level 4 of the Swamp
 28748 | Swamp:4  | Noticed a thorn hunter
 28757 | Swamp:4  | Killed a thorn hunter
 28779 | Swamp:4  | Noticed a thorn hunter
 28793 | Swamp:4  | Killed a thorn hunter
 28810 | Swamp:4  | Noticed a thorn hunter
 28823 | Swamp:4  | Killed a thorn hunter
 29076 | Swamp:4  | Reached XP level 17. HP: 158/158 MP: 17/17
 29343 | Swamp:4  | Reached skill level 19 in Shields
 29418 | Swamp:4  | Noticed Nikola
 29455 | Swamp:4  | Killed Nikola
 29535 | Swamp:4  | Noticed Donald
 29556 | Swamp:4  | Killed Donald
 29657 | Swamp:4  | Received a gift from Okawaru
 29665 | Swamp:4  | Got a crude hat {god gift}
 29676 | Swamp:4  | Identified the -5 hat of Leriok {+Inv Dex+6} (Okawaru
                  | gifted it to you on level 4 of the Swamp)
 30398 | Swamp:4  | Got a decaying rune of Zot
 31341 | Elf:1    | Entered Level 1 of the Elven Halls
 31513 | Elf:1    | Reached skill level 20 in Shields
 31531 | Elf:1    | Received a gift from Okawaru
 31896 | Elf:1    | Identified the Tome of Companions
 32777 | Elf:2    | Reached XP level 18. HP: 159/169 MP: 18/18
 33185 | Elf:2    | Found a huge runed translucent gate.
 33185 | Elf:2    | Found a huge runed translucent gate.
 33185 | Elf:2    | Found a huge runed translucent gate.
 33193 | Elf:2    | Found a huge runed translucent gate.
 33194 | Elf:2    | Found a huge runed translucent gate.
 33550 | Elf:2    | Received a gift from Okawaru
 33553 | Elf:2    | Got an ichor-stained demon blade {god gift}
 33554 | Elf:2    | Identified the +8 demon blade of Okawaru's Whim {freeze,
                  | rF+ rN+ SInv} (Okawaru gifted it to you on level 2 of the
                  | Elven Halls)
 33922 | Elf:2    | Reached skill level 21 in Shields
 34361 | Elf:3    | Entered Level 3 of the Elven Halls
 34553 | Elf:3    | Found Pues's General Store.
 34693 | Elf:3    | Received a gift from Okawaru
 35170 | Elf:3    | Reached skill level 22 in Shields
 35441 | Elf:3    | Identified the +7 rapier of Wioff {pierce, Str+3}
 35453 | Elf:3    | Received a gift from Okawaru
 35456 | Elf:3    | Got a scorched scimitar {god gift}
 35471 | Elf:3    | Identified the +4 mace of Extinguishment {freeze, *Contam
                  | Dex+6}
 35491 | Elf:3    | Reached XP level 19. HP: 118/179 MP: 19/19
 35506 | Elf:3    | Identified the +1 scimitar of Ambiguity {flame, rC+ Str+4
                  | Int-4} (Okawaru gifted it to you on level 3 of the Elven
                  | Halls)
 36386 | Elf:3    | Reached skill level 5 in Stealth
 36955 | Snake:1  | Entered Level 1 of the Snake Pit
 37026 | Snake:1  | Received a gift from Okawaru
 37043 | Snake:1  | Got a pitted long sword {god gift}
 37044 | Snake:1  | Identified the +2 long sword "Rosedwa" {venom, MR+ Int+3
                  | SInv} (Okawaru gifted it to you on level 1 of the Snake
                  | Pit)
 38155 | Snake:2  | Reached skill level 23 in Shields
 38534 | Snake:2  | Found a large runed translucent door.
 38535 | Snake:2  | Found a large runed translucent door.
 38538 | Snake:2  | Noticed Kicir's ghost (adept GnFi)
 38539 | Snake:2  | Found the +9 staff of Olgreb {rPois}
 38570 | Snake:2  | Killed Kicir's ghost
 38570 | Snake:2  | Received a gift from Okawaru
 38602 | Snake:2  | Found Cecool's Book Shoppe.
 38691 | Snake:2  | Found Gitraz's Magic Scroll Shop.
 38699 | Snake:2  | Bought a scroll of acquirement for 624 gold pieces
 38699 | Snake:2  | Bought a scroll of enchant armour for 90 gold pieces
 38699 | Snake:2  | Bought a scroll of holy word for 90 gold pieces
 38699 | Snake:2  | Bought a scroll of teleportation for 36 gold pieces
 38699 | Snake:2  | Bought a scroll of blinking for 90 gold pieces
 39495 | Snake:4  | Entered Level 4 of the Snake Pit
 39994 | Snake:4  | Reached XP level 20. HP: 139/189 MP: 20/20
 40015 | Snake:4  | Received a gift from Okawaru
 40051 | Snake:4  | Got an encrusted chain mail {god gift}
 40052 | Snake:4  | Identified the +8 chain mail of Syndicalism {Str+2}
                  | (Okawaru gifted it to you on level 4 of the Snake Pit)
 40131 | Snake:4  | Reached skill level 24 in Shields
 40439 | Snake:4  | Noticed Vashnia
 40476 | Snake:4  | Killed Vashnia
 40661 | Snake:4  | Identified Roxanne's Tome of the Rocks
 40661 | Snake:4  | Noticed Roxanne
 40683 | Snake:4  | Killed Roxanne
 40979 | Snake:4  | Got a serpentine rune of Zot
 41541 | Vaults:1 | Entered Level 1 of the Vaults
 41615 | Vaults:1 | Identified Zige's Disquisition on Ignition and the
                  | Mountains
 41783 | Vaults:1 | Found the ring of Shadows {Umbra +Inv Stlth+}
 42212 | Vaults:1 | Found Otrenyib's Gadget Emporium.
 42431 | Vaults:1 | Received a gift from Okawaru
 42883 | Vaults:1 | Reached skill level 10 in Dodging
 42906 | Vaults:1 | Got a pair of scorched boots
 42917 | Vaults:1 | Identified the cursed -5 pair of boots "Xana" {rN+} (You
                  | found it on level 1 of the Vaults)
 42951 | Vaults:1 | Got a brightly glowing fustibalus
 42952 | Vaults:1 | Identified the +9 fustibalus of False Accusations {freeze,
                  | rF+} (You found it on level 1 of the Vaults)
 43122 | Vaults:2 | Noticed Mennas
 43165 | Vaults:2 | Killed Mennas
 43165 | Vaults:2 | Reached skill level 25 in Shields
 43283 | Vaults:2 | Reached XP level 21. HP: 192/199 MP: 21/21
 43308 | Vaults:2 | Noticed Boris
 43320 | Vaults:2 | Killed Boris
 43320 | Vaults:2 | Received a gift from Okawaru
 43580 | Vaults:2 | Found Vofym's Antique Armour Shoppe.
 43609 | Vaults:2 | Received a gift from Okawaru
 43610 | Vaults:2 | Found the +8 demon blade "Leech" {vamp, rN+ AC-3 EV-3}
 43813 | Vaults:2 | Got a dazzling cloak
 43824 | Vaults:2 | Identified the cursed -1 cloak "Jenliel" {rPois} (You found
                  | it on level 2 of the Vaults)
 44321 | Vaults:2 | Received a gift from Okawaru
 44339 | Vaults:2 | Got a distressingly furry crystal plate armour {god gift}
 44340 | Vaults:2 | Identified the +14 crystal plate armour of the Insatiable
                  | Curses {*Slow rF+ rC+ rN++} (Okawaru gifted it to you on
                  | level 2 of the Vaults)
 44365 | Vaults:2 | Found a portal to a secret trove of treasure.
 45268 | Vaults:2 | You paid a toll of 7 potions of agility to enter a treasure
                  | trove
 45269 | Trove    | Entered a treasure trove
 45281 | Trove    | Found the +18 shield of the Gong {rElec rN+ MR+ EV-5}
 45292 | Trove    | Got a crude platinum ring
 45325 | Trove    | Identified the ring of Gos Gya {rCorr rF+} (You found it in
                  | a treasure trove)
 45335 | Trove    | Got a bound golden ring
 45338 | Trove    | Identified the ring of Veschamm {+Fly rF+ rN+ Str+4 Stlth+}
                  | (You found it in a treasure trove)
 45344 | Trove    | Got a translucent amber ring
 45347 | Trove    | Identified the ring of Udefuowi {rCorr rC+ Str+3 Dex+6}
                  | (You found it in a treasure trove)
 45465 | Trove    | Got a slimy hand axe
 45466 | Trove    | Identified the +0 hand axe of Putrescence {protect, Int+4}
                  | (You found it in a treasure trove)
 45473 | Trove    | Got an encrusted trident
 45480 | Trove    | Identified the +8 trident of Balekkur {flame, rF+ Dex+2}
                  | (You found it in a treasure trove)
 45583 | Vaults:3 | Reached skill level 1 in Evocations
 45646 | Vaults:3 | Reached skill level 26 in Shields
 45900 | Vaults:3 | Found a staircase to the Crypt.
 46059 | Vaults:3 | You fall through a shaft!
 46268 | Vaults:4 | Slain by an ironheart preserver

Skill      XL: |  1  2  3  4  5  6  7  8  9 10 11 12 13 14 15 16 17 18 19 20 21 |
---------------+----------------------------------------------------------------+-----
Fighting       | 4 5 6 7 8 9 11 12 14 15 16 17 18 19 20 | 20.3
Shields        | 4 5 6 7 9 10 11 12 13 14 16 18 20 22 23 25 26 | 26.3
Long Blades    | 3 4 5 6 7 9 10 11 13 15 16 17 18 19 20 21 | 21.4
Armour         | 4 5 7 8 10 11 12 13 14 15 16 17 | 17.1
Dodging        | 1 2 3 4 5 6 7 8 9 10 | 10.4
Stealth        | 1 3 4 5 |  5.8
Invocations    | 1 2 |  2.0
Evocations     | 2 |  2.1

Action                   |  1- 3 |  4- 6 |  7- 9 | 10-12 | 13-15 | 16-18 | 19-21 || total
-------------------------+-------+-------+-------+-------+-------+-------+-------++-------
Melee: Long sword        |    96 |   182 |   358 |   128 |   792 |   631 |       ||  2187
       Headbutt          |    13 |    27 |    79 |   156 |   501 |   502 |   520 ||  1798
       Scimitar          |       |       |       |   323 |   354 |   752 |       ||  1429
       Double sword      |       |       |       |   126 |   402 |       |       ||   528
       Demon blade       |       |       |       |       |       |   379 |  1640 ||  2019
Invok: Heroism           |       |       |     2 |     8 |     8 |     4 |     2 ||    24
Evoke: Wand              |       |       |     2 |       |     7 |     2 |    17 ||    28
  Use: Scroll            |       |     5 |     8 |     3 |    15 |     3 |    15 ||    49
       Potion            |       |       |     2 |     2 |       |       |     1 ||     5
 Stab: Sleeping          |       |       |       |    11 |     8 |     5 |    15 ||    39
  Eat: Chunk             |       |     7 |    11 |    17 |    41 |    29 |    22 ||   127
       Ration            |       |       |       |       |     1 |     2 |     4 ||     7
Armor: Scale mail        |    53 |    46 |       |       |       |       |       ||    99
       Chain mail        |       |    16 |       |       |       |       |       ||    16
       Plate armour      |       |    35 |   186 |       |       |       |       ||   221
       Shadow dragon sca |       |       |    15 |   229 |   547 |   404 |   260 ||  1455
Dodge: Dodged            |    36 |    54 |    88 |   184 |   618 |   276 |   265 ||  1521
Block: Shield            |    54 |    99 |   225 |   224 |       |       |   340 ||   942
       Buckler           |       |       |       |    41 |   474 |       |       ||   515
       Large shield      |       |       |       |       |   613 |  1940 |  1674 ||  4227
       Rpst.: Long sword |    11 |     9 |    24 |     7 |    47 |     6 |       ||   104
       Scimitar          |       |       |       |    25 |    72 |    29 |       ||   126
       Double sword      |       |       |       |    13 |    40 |       |       ||    53
       Demon blade       |       |       |       |       |       |    13 |    47 ||    60
